 Dungeon Crawl Stone Soup version 0.28-b1-70-g80dc712255 (webtiles) character file.

Game seed: 2167890648642006006

462 tizbic2 the Ducker (level 7, -11/52 HPs)
             Began as a Djinni Necromancer on Feb 3, 2022.
             Was a Priest of Jiyva.
             Mangled by a wyvern zombie (12 damage)
             ... on level 5 of the Dungeon.
             The game lasted 00:23:13 (3463 turns).

tizbic2 the Ducker (Djinni Necromancer)             Turns: 3463, Time: 00:23:14

Health: -11/52     AC:  3    Str:  7    XL:     7   Next: 28%
Gold:   144        EV: 14    Int: 19    God:    Jiyva [***...] SH:  0 Dex: 13

rFire   + + .      SeeInvis .   o - +0 dagger (holy)
rCold   x . .      Faith    .   (no shield)
rNeg    + . .      Spirit   .   a - +0 robe
rPois   ∞          Reflect  .   r - +0 helmet
rElec   .          Harm     .   (no cloak)
rCorr   +          Rampage  .   (no gloves)
Will    .....                   (boots unavailable)
Stlth   ++........              (no amulet)
HPRegen 1.29/turn               d - ring of positive energy
MPRegen 0.00/turn               (no ring)

@: flying
A: sickness immunity, fire resistance 2, cold vulnerability 1, float, innate
caster, HP casting, extra vitality 1
a: Renounce Religion, Oozemancy


You were on level 5 of the Dungeon.
You worshipped Jiyva.
Jiyva was most pleased with you.
You visited 1 branch of the dungeon, and saw 5 of its levels.

You collected 144 gold pieces.

Inventory:

Hand Weapons
 j - a +0 rapier
 o - a +0 dagger of holy wrath (weapon)
Missiles
 e - 9 poisoned darts
 g - 2 boomerangs
Armour
 a - a +0 robe (worn)
 r - a +0 helmet (worn)
Jewellery
 d - a ring of positive energy (left hand)
Wands
 l - a wand of iceblast (3)
Scrolls
 b - a scroll of fog
 c - 3 scrolls of identify
 q - a scroll of teleportation
Potions
 f - 2 potions of heal wounds {unknown}
 i - a potion of haste {unknown}
 k - a potion of berserk rage {unknown}
 m - 2 potions of might {unknown}
 n - a potion of curing {unknown}


   Skills:
 * Level 4.0 Fighting
 + Level 5.2 Dodging
 - Level 1.5 Stealth
 + Level 4.3 Spellcasting


You couldn't memorise any spells.
You knew the following spells:

 Your Spells              Type           Power      Damage    Failure   Level
a - Pain                  Necr           80%        1d8       2%          1
b - Animate Skeleton      Necr           40%        N/A       2%          1
c - Vampiric Draining     Necr           20%        2d7       7%          3
d - Animate Dead          Necr           10%        N/A       22%         4
e - Agony                 Necr           20%        N/A       54%         5
f - Freeze                Ice            80%        1d9       2%          1
g - Poisonous Vapours     Pois/Air       40%        N/A       3%          2
h - Dazzling Flash        Conj/Hex       40%        N/A       7%          3
Your spell library was empty.

Dungeon Overview and Level Annotations

Branches:
Dungeon (5/15)
 Temple: D:4-7

Altars:
Jiyva

Annotations:
D:3 3 runed translucent doors, BeavisTheGrey's ghost, amateur TrMo


Innate Abilities, Weirdness & Mutations

You are immune to sickness and miasma.
You are immune to poison.
Your flesh is very heat resistant. (rF++)
You are vulnerable to cold. (rC-)
You float through the air rather than walking.
You learn spells naturally, not from books.
Your magical power is your life essence.
You have superior vitality. (+4 MHP)


Message History

You hit the wyvern zombie.
The wyvern zombie convulses.
The wyvern zombie is lightly damaged.
The wyvern zombie bites you but does no damage.
You hit the wyvern zombie.
The wyvern zombie convulses.
The wyvern zombie is lightly damaged.
The wyvern zombie barely misses you. x2
You hit the wyvern zombie but do no damage.
The wyvern zombie is lightly damaged.
The wyvern zombie barely misses you.
You hit the wyvern zombie.
The wyvern zombie convulses.
The wyvern zombie is moderately damaged.
The wyvern zombie bites you.
You hit the wyvern zombie.
The wyvern zombie convulses.
The wyvern zombie is moderately damaged.
The wyvern zombie bites you! The wyvern zombie barely misses you.
The wyvern zombie bites you! The wyvern zombie misses you.
The wyvern zombie closely misses you.
You hear a distant slurping noise.
You hear the slow hiss of an avalanche of sand nearby.
The wyvern zombie bites you.
You hit the wyvern zombie.
The wyvern zombie convulses.
The wyvern zombie is heavily damaged.
The wyvern zombie bites you. The wyvern zombie misses you.
You hit the wyvern zombie but do no damage.
The wyvern zombie is heavily damaged.
The wyvern zombie bites you. The wyvern zombie bites you.
You hit the wyvern zombie.
The wyvern zombie convulses.
The wyvern zombie is heavily damaged.
The wyvern zombie bites you!
* * * LOW HITPOINT WARNING * * *
The wyvern zombie bites you!
* * * LOW HITPOINT WARNING * * *
As you read the scroll of fog, it crumbles to dust.
The scroll dissolves into smoke.
The wyvern zombie bites you!
* * * LOW HITPOINT WARNING * * *
The wyvern zombie bites you!
You die...

#########
#.......# #####
#.#####.## ...#
#........#
###.###§.#####.#
### #.....§§Z#
#.######.##
#.#.###§@#
#.........# #.#
#§§# #.######.##
#.# #§§#####.#
#.# ..#
#........# #.##
### ###.######
#..# ##+## ##.#
##...## #.##
##.....## #...
##<......## ##
####


You could see a wyvern zombie.

Vanquished Creatures
  An orc warrior (D:4)
  An ogre (D:4)
  A scorpion (D:4)
  A hound (D:4)
  Ijyb (D:3)
  An orc wizard (D:3)
  2 hound skeletons
  A howler monkey zombie (D:5)
  6 adders
  A shadow imp (D:4)
  2 worms (D:2)
  2 dart slugs
  5 orcs
  4 ball pythons
  An endoplasm (D:1)
  5 giant cockroaches
  13 goblins
  5 hobgoblins
  2 jackals (D:4)
  2 quokkas
  4 bats
  3 frilled lizards
  7 kobolds
  8 rats
79 creatures vanquished.

Vanquished Creatures (collateral kills)
  A hobgoblin (D:1)
1 creature vanquished.

Vanquished Creatures (others)
  A necrophage (D:5)
  2 jellies
  A hound (D:3)
  An orc (D:2)
  6 endoplasms
  2 hobgoblins (D:2)
  A frilled lizard (D:3)
14 creatures vanquished.

Grand Total: 94 creatures vanquished

Notes
Turn   | Place    | Note
-------+----------+-------------------------------------------
     0 | D:1      | tizbic2 the Djinni Necromancer began the quest for the Orb.
     0 | D:1      | Reached XP level 1. HP: 15/15 MP: 0/0
   549 | D:1      | Reached XP level 2. HP: 18/21 MP: 0/0
   769 | D:1      | Reached skill level 3 in Dodging
  1104 | D:1      | Found a faded altar of an unknown god.
  1113 | D:1      | Prayed at the altar of an unknown god.
  1113 | D:1      | Became a worshipper of Jiyva Jueleesa the Shapeless
  1113 | D:1      | Reached * piety under Jiyva
  1397 | D:2      | Reached XP level 3. HP: 24/25 MP: 0/0
  1397 | D:2      | Learned a level 1 spell: Freeze
  1638 | D:2      | Reached XP level 4. HP: 27/31 MP: 0/0
  1954 | D:2      | Reached skill level 4 in Dodging
  2007 | D:3      | Reached ** piety under Jiyva
  2138 | D:3      | Reached skill level 1 in Fighting
  2149 | D:3      | Reached XP level 5. HP: 37/37 MP: 0/0
  2149 | D:3      | Learned a level 2 spell: Poisonous Vapours
  2162 | D:3      | Noticed BeavisTheGrey's ghost (amateur TrMo)
  2168 | D:3      | Found a runed translucent gate.
  2168 | D:3      | Found a runed translucent gate.
  2168 | D:3      | Found a runed translucent gate.
  2381 | D:3      | Noticed Ijyb
  2392 | D:3      | Killed Ijyb
  2574 | D:4      | Reached *** piety under Jiyva
  2813 | D:4      | Noticed an ogre
  2817 | D:4      | Noticed an orc warrior
  2837 | D:4      | Killed an ogre
  2838 | D:4      | Reached XP level 6. HP: 35/46 MP: 0/0
  2861 | D:4      | Killed an orc warrior
  2862 | D:4      | Reached skill level 5 in Dodging
  2862 | D:4      | Reached XP level 7. HP: 45/50 MP: 0/0
  2862 | D:4      | Learned a level 3 spell: Dazzling Flash
  3348 | D:5      | Entered Level 5 of the Dungeon
  3463 | D:5      | HP: 1/52 [wyvern zombie (9)]
  3463 | D:5      | Mangled by a wyvern zombie

Illustrated notes

Levels and vault maps discovered:
D:1:      amcnicky_arrival_single_pillar, layout_basic,
          dreamdust_ecumenical_altar_sealed_demon, serial_bayou_crossing
D:2:      layout_rooms, minmay_pentomino_z4
D:3:      layout_rooms, gammafunk_ghost_split, minmay_goblin_outpost, uniq_ijyb
D:4:      layout_loops_ring
D:5:      nicolae_BIG_FREAKIN_CUBE, layout_loops_corners,
          minmay_temple_entry_overgrown, enter_ossuary_5

Skill      XL: |  1  2  3  4  5  6  7 |
---------------+----------------------+-----
Dodging        | 3 4 5 |  5.2
Fighting       | 1 3 4 |  4.0
Spellcasting   | 4 |  4.3
Stealth        | |  1.5

Action                   |  1- 3 |  4- 6 |  7- 9 || total
-------------------------+-------+-------+-------++-------
Melee: Unarmed           |    48 |       |       ||    48
       Dagger            |    63 |   123 |    32 ||   218
       Punch             |       |     2 |       ||     2
Throw: Boomerang         |       |     2 |       ||     2
 Cast: Pain              |    41 |    20 |       ||    61
       Animate Skeleton  |     1 |       |       ||     1
       Vampiric Draining |     2 |     3 |     3 ||     8
       Freeze            |       |    14 |     4 ||    18
       Poisonous Vapours |       |    41 |    16 ||    57
  Use: Scroll            |       |       |     4 ||     4
Armor: Robe              |    26 |    11 |     3 ||    40
Dodge: Dodged            |    99 |   101 |    28 ||   228
